 Dungeon Crawl Stone Soup version 0.26-a0-597-gb535b0901c (webtiles) character file.

Game seed: 10482826783283849616

8 Alarkh the Skirmisher (level 2, 24/24 HPs)
             Began as a Demonspawn Fighter on Sept 10, 2020.
             Got out of the dungeon alive.
             The game lasted 00:00:19 (452 turns).

Alarkh the Skirmisher (Demonspawn Fighter)           Turns: 452, Time: 00:00:20

Health: 24/24      AC:  6    Str: 16    XL:     2   Next: 0%
Magic:  2/2        EV:  6    Int:  9    God:
Gold:   32         SH:  8    Dex: 12    Spells: 1/1 levels left

rFire    . . .     SeeInvis .     - Unarmed
rCold    . . .     Faith    .   b - +0 kite shield
rNeg     . . .     Spirit   .   a - +0 scale mail
rPois    .         Reflect  .   (no helmet)
rElec    .         Harm     .   (no cloak)
rCorr    .                      (no gloves)
MR       .....                  (no boots)
Stlth    ..........             (no amulet)
HPRegen  0.08/turn              (no ring)
MPRegen  0.08/turn              (no ring)

@: no status effects
A: rot immunity
a: no special abilities


You escaped.
You visited 1 branch of the dungeon, and saw 1 of its levels.

You collected 32 gold pieces.

Inventory:

Armour
 a - a +0 scale mail (worn)
 b - a +0 kite shield (worn)
Scrolls
 d - a scroll of noise {unknown}
 e - a scroll of amnesia {unknown}
Potions
 c - a potion of might


   Skills:
 + Level 3.1 Fighting
 - Level 2.6 Armour
 + Level 2.8 Shields
 * Level 2.1 Unarmed Combat


You had one spell level left.
You didn't know any spells.
Your spell library was empty.

Dungeon Overview and Level Annotations

Branches:
Dungeon (1/15)

Altars:


Innate Abilities, Weirdness & Mutations

You are immune to rotting.


Message History

You closely miss the bat. You block the bat's attack.
The bat completely misses you. You block the bat's attack.
You miss the bat. The bat hits you but does no damage.
You block the bat's attack.
You hit the bat but do no damage. The bat hits you but does no damage. x2
You hit the bat.
The bat is severely wounded.
You block the bat's attack. The bat hits you but does no damage.
You hit the bat.
You kill the bat!
You have reached level 2!
Your demonic ancestry asserts itself...
You feel immune to rotting.
You see here 8 arrows.
You see here 14 arrows.
You see here a +0 club.
There is an open gate here.
There is a staircase leading out of the dungeon here.
Are you sure you want to leave the Dungeon?
This will make you lose the game!
You have escaped!

.................
.................
................ #####
................ #...#
...........#######.8.#
..♣.♣.♣.♣..#.........#
..........##........##
..........'.........#...
..........'.....@...#...⌠.
..........'.........#....⌠
..........##........##....
..♣.♣.♣.♣..#.........#....
...........#######.8.# ...
............ #...# ..
............. #####
.............


There were no monsters in sight!

Vanquished Creatures
  A giant cockroach (D:1)
  A goblin (D:1)
  A hobgoblin (D:1)
  2 kobolds (D:1)
  2 bats (D:1)
  A frilled lizard (D:1)
8 creatures vanquished.

Notes
Turn   | Place    | Note
-------+----------+-------------------------------------------
     0 | D:1      | Alarkh the Demonspawn Fighter began the quest for the Orb.
     0 | D:1      | Reached XP level 1. HP: 18/18 MP: 1/1
   343 | D:1      | Gained mutation: You are immune to rotting. [demonic
                  | ancestry]
   343 | D:1      | Reached XP level 2. HP: 24/24 MP: 2/2
   452 | D:$      | Got out of the dungeon alive.

Illustrated notes

Levels and vault maps discovered:
D:1:      wander_arrival_estate, layout_basic

Skill      XL: |  1 |
---------------+----+-----
Unarmed Combat | 2 |  2.1
Fighting       | |  3.1
Armour         | |  2.6
Shields        | |  2.8

Action                   || total
-------------------------++-------
Melee: Unarmed           ||    33
Armor: Scale mail        ||    12
Dodge: Dodged            ||    12
Block: Kite shield       ||    13

Table legend: (Time is in decaauts)
 A = Elapsed time spent in this place.
 B = Non-inter-level travel time spent in this place.
 C = Inter-level travel time spent in this place.
 D = Time resting spent in this place.
 E = Time spent auto-exploring this place.
 F = Levels seen in this place.
 G = Mean time per level.
                   A        B        C        D        E       F      G
               +--------+--------+--------+--------+--------+-----+--------+
         Total |    453 |    346 |    107 |      0 |    278 |   1 |  453.0 |
       Dungeon |    453 |    346 |    107 |      0 |    278 |   1 |  453.0 |
               +--------+--------+--------+--------+--------+-----+--------+

Top non-repeatable levels by time:
     D:1: 453 daAuts
